 Dungeon Crawl Stone Soup version 0.31-a0-1338-gb567cfdca4 (webtiles) character file.

Game seed: 4158833030330237163

392 jasper the Chopper (level 6, -1/56 HPs)
             Began as a Hill Orc Fighter on Dec 22, 2023.
             Was a Follower of the Shining One.
             Engulfed by a steam dragon's steam (7 damage)
             ... on level 5 of the Dungeon.
             The game lasted 00:04:37 (3320 turns).

jasper the Chopper (Hill Orc Fighter)               Turns: 3320, Time: 00:04:38

Health: -1/56      AC: 11    Str: 21    XL:     6   Next: 80%
Magic:  6/6        EV:  9    Int:  8    God:    the Shining One [*.....]
Gold:   216        SH:  0    Dex: 10    Spells: 5/5 levels left

rFire   . . .        a - +0 war axe
rCold   . . .        c - +0 buckler
rNeg    + . .        d - +4 scale mail {rPois}
rPois   +            (no helmet)
rElec   .            (no cloak)
rCorr   .            (no gloves)
SInv    .            (no boots)
Will    .....        g - amulet of reflection Stlth
                     q - ring of positive energy
HPRegen 0.29/turn    (no ring)
MPRegen 0.10/turn

%: reflection
@: confused, ambrosia-drunk, glowing
A: no striking features
a: Renounce Religion, Divine Shield


You were on level 5 of the Dungeon.
You worshipped the Shining One.
The Shining One was aware of your devotion.
You visited 1 branch of the dungeon, and saw 5 of its levels.

You collected 216 gold pieces.

Inventory:

Hand Weapons
 a - a +0 war axe (weapon)
 h - a +3 dagger
 k - a +0 mace
Missiles
 i - 8 poisoned darts (quivered)
Armour
 b - a +0 scale mail
 c - a +0 buckler (worn)
 d - a +4 scale mail of poison resistance (worn)
Jewellery
 g - an amulet of reflection (around neck)
 m - an amulet of regeneration
 q - a ring of positive energy (left hand)
Scrolls
 j - a scroll of teleportation
Potions
 e - a potion of attraction
 l - 2 potions of mutation
 o - a potion of invisibility
 p - a potion of heal wounds {unknown}
 r - 4 potions of haste {unknown}
 s - a potion of enlightenment {unknown}


   Skills:
 + Level 5.4 Fighting
 * Level 6.8 Axes
 + Level 4.9 Armour
 - Level 3.2 Shields


You had 5 spell levels left.
You didn't know any spells.
Your spell library contained the following spells:

 Spells                   Type           Power      Damage    Failure   Level
 Slow                     Hex            0%         N/A       80%         1
 Call Canine Familiar     Summ           0%         N/A       99%         3
 Confusing Touch          Hex            0%         N/A       99%         3
 Hailstorm                Conj/Ice       0%         3d5       99%         3
 Sigil of Binding         Hex            0%         N/A       99%         3
 Vampiric Draining        Necr           0%         2d6       99%         3
 Dimensional Bullseye     Hex/Tloc       0%         N/A       100%        4
 Summon Ice Beast         Ice/Summ       0%         N/A       100%        4
 Simulacrum               Ice/Necr       0%         N/A       100%        6


Dungeon Overview and Level Annotations

Branches:
Dungeon (5/15)
 Temple: D:4-7

Altars:
Ashenzari
Hepliaklqana
Ru
The Shining One


Message History

The steam dragon claws you.
* * * LOW HITPOINT WARNING * * *
You take 6 damage, and have 5/56 hp.
Okay, then.
You feel better. The bullfrog hits you.
* * * LOW HITPOINT WARNING * * *
You block the bullfrog's attack. The steam dragon barely misses you.
You block the steam dragon's attack.
You regained 8 hp, and now have 13/56 hp.
You feel better. You block the bullfrog's attack.
You block the steam dragon's attack. The steam dragon barely misses you.
You regained 7 hp, and now have 20/56 hp.
You hit the steam dragon.
The steam dragon is heavily wounded.
You barely miss the bullfrog. The bullfrog closely misses you.
The bullfrog hits you but does no damage.
You block the steam dragon's attack. The steam dragon misses you.
You hit the steam dragon but do no damage.
The steam dragon is heavily wounded.
You closely miss the bullfrog. The bullfrog barely misses you.
The steam dragon breathes steam at you. The ball of steam hits you!!
* * * LOW HITPOINT WARNING * * *
You block the bullfrog's attack.
You take 18 damage, and have 3/56 hp.
MASSIVE DAMAGE!!
The steam dragon attacks as it pursues you!
You block the steam dragon's attack.
The steam dragon claws you but does no damage.
The bullfrog is engulfed in a cloud of scalding steam.
The bullfrog dies!
The steam dragon attacks as it pursues you!
You block the steam dragon's attack. The steam dragon closely misses you.
You are confused.
You feel invigorated. The steam dragon breathes steam at you.
The ball of steam hits you.
* * * LOW HITPOINT WARNING * * *
You regained 2 hp, and now have 6/56 hp.
You are engulfed in a cloud of scalding steam.
You die...

### ## #.## #.# #..#####
###.<##
####......#####.....###
###....####..§@...#.....#
###...####
####§§......... #...###
#D.§.?.#... ..###
#§§....# ### #...#### #
#.....# # #.#...# #
(....... ## #.##....#.


You could see a steam dragon.

Vanquished Creatures
  Menkaure (D:4)
  An ogre (D:4)
  A sleepcap (D:5)
  Terence (D:2)
  4 adders
  A shadow imp (D:5)
  A worm (D:2)
  2 dart slugs
  An orc (D:4)
  4 bats
  3 endoplasms
  2 giant cockroaches
  8 goblins
  3 hobgoblins
  3 kobolds
  A quokka (D:3)
  6 ball pythons
  6 frilled lizards
  5 rats
54 creatures vanquished.

Vanquished Creatures (others)
  A bullfrog (D:5)
1 creature vanquished.

Grand Total: 55 creatures vanquished

Notes
Turn   | Place    | Note
-------+----------+-------------------------------------------
     0 | D:1      | jasper the Hill Orc Fighter began the quest for the Orb.
     0 | D:1      | Reached XP level 1. HP: 19/19 MP: 1/1
    76 | D:1      | Reached skill level 3 in Axes
   151 | D:1      | Reached XP level 2. HP: 22/27 MP: 2/2
   509 | D:1      | Found a faded altar of an unknown god.
   626 | D:1      | Prayed at the altar of an unknown god.
   626 | D:1      | Became a worshipper of the Shining One
   626 | D:1      | Reached * piety under the Shining One
   794 | D:1      | Reached XP level 3. HP: 33/33 MP: 3/3
   964 | D:2      | Reached skill level 4 in Axes
   996 | D:2      | Noticed Terence
  1004 | D:2      | Killed Terence
  1005 | D:2      | Reached XP level 4. HP: 29/40 MP: 4/4
  1266 | D:2      | Found a broken altar of Ashenzari.
  1596 | D:3      | Found a sacrificial altar of Ru.
  2155 | D:4      | Reached skill level 5 in Axes
  2221 | D:4      | Found a hazy altar of Hepliaklqana.
  2303 | D:4      | Noticed Menkaure
  2314 | D:4      | Killed Menkaure
  2315 | D:4      | Reached skill level 5 in Fighting
  2315 | D:4      | Reached skill level 6 in Axes
  2315 | D:4      | Reached XP level 5. HP: 37/48 MP: 5/5
  2315 | D:4      | Reached XP level 6. HP: 44/56 MP: 6/6
  2466 | D:4      | Found a broken altar of Ashenzari.
  2842 | D:5      | Entered Level 5 of the Dungeon
  3295 | D:5      | Noticed a steam dragon
  3320 | D:5      | Engulfed by a steam dragon's steam

Illustrated notes

Levels and vault maps discovered:
D:1:      saegor_arrival_miasma, layout_loops_ring,
          ebering_ecumenical_altar_sacrificial, minivault_5
D:2:      layout_rooms, basic_altar, uniq_terence
D:3:      layout_loops_cross, mainiacjoe_overflow_brackets,
          chequers_serial_rivers_large_a, corexii_shack, minmay_misc_feat_alley
D:4:      layout_loops_ring, ashenzari_altar_1, kennysheep_mini, uniq_menkaure
D:5:      layout_cave_pods, minmay_temple_entry_ruins

Skill      XL: |  1  2  3  4 |
---------------+-------------+-----
Axes           | 3 4 6 |  6.8
Fighting       | 4 5 |  5.4
Armour         | 4 |  4.9
Shields        | |  3.2

Action                     |  1- 3 |  4- 6 || total
---------------------------+-------+-------++-------
  Melee: War axe           |    64 |   102 ||   166
  Throw: Dart              |       |    16 ||    16
    Use: Potion            |     1 |     4 ||     5
         Scroll            |       |     9 ||     9
 Armour: Scale mail        |    35 |    79 ||   114
         Skin              |       |     2 ||     2
  Dodge: Dodged            |    25 |    36 ||    61
  Block: Buckler           |     8 |    52 ||    60

Table legend: (Time is in decaauts)
 A = Elapsed time spent in this place.
 B = Non-inter-level travel time spent in this place.
 C = Inter-level travel time spent in this place.
 D = Time resting spent in this place.
 E = Time spent auto-exploring this place.
 F = Levels seen in this place.
 G = Mean time per level.
                   A        B        C        D        E       F      G
               +--------+--------+--------+--------+--------+-----+--------+
         Total |   3381 |   3248 |    133 |    317 |   2329 |   5 |  676.2 |
       Dungeon |   3381 |   3248 |    133 |    317 |   2329 |   5 |  676.2 |
               +--------+--------+--------+--------+--------+-----+--------+

Top non-repeatable levels by time:
     D:1: 964 daAuts
     D:4: 914 daAuts
     D:3: 673 daAuts
     D:2: 485 daAuts
     D:5: 344 daAuts
